← All builds
Suicide front / Armada / Factory first / OBSERVED BUILD

Standard suicide front

Armada Suicide front build order · Supreme Isthmus

The role's baseline: Bot Lab at 0:21 then straight into reclaim-fed T1 bot production to contest the middle and hold until T2 arrives, with an Advanced Metal Extractor around 9:45.

#rush · 2013 distinct matches · 230 players · 72% of Armada Suicide front games · team won 59% of 2387 · Recently observed

HOW TO PLAY IT

Key timing: Bot Lab by 0:20

  1. Open with mex and lab-first to get Bot Lab up by 0:20.
  2. Expand mex and wind while lab pumps units toward middle.
  3. Push Sentry and early Rocketeer, Centurion to contest middle.
  4. Get T2 constructor out once Pond's boost lets you spare metal.
  5. Upgrade mex to Advanced Metal Extractor as you transition off T1 spam.

Phase by phase

TYPICAL OF ITS 2013 GAMES
  1. 1
  2. 2
  3. 3
PLAY THE OPENING

Follow the example game's first 6:00 step by step: what to build now, what comes next, and where it goes. At 1× it keeps pace with your own game.

  1. 1

    Bot Lab first

    Order
    1. Bot LabBot Lab done ~0:21, middle half 0:20–0:33

    Some games also: mex (44%)

  2. 2

    Bot Lab to 5:00

    Economy
    • Metal Extractor5Mex
    • Wind Turbine4Wind
    Builders
    • Construction Bot3 Con bot
    • Lazarus2 Lazarus
    Army
    • Sentry4 Sentry
    • Rocketeer16 Rocketeer
    • Tick2 Tick
    • Centurion1 Centurion
    Other
    • Radar Tower1 Radar Tower

    Some games also: pawn (38%) · con turret (34%)

    By 5:00 in all: 5 mex · 4 wind

    The example game in this phase · 28 steps
    1. Construction BotCon bot ×2
    2. SentrySentry
    3. Construction BotCon bot
    4. Mex
    5. RocketeerRocketeer
    6. Energy storage
    7. SentrySentry
    8. RocketeerRocketeer ×4
    9. TickTick
    10. RocketeerRocketeer ×2
    11. PawnPawn ×2
    12. RocketeerRocketeer
    13. CenturionCenturion
    14. RocketeerRocketeer
    15. PawnPawn
    16. RocketeerRocketeer
    17. CenturionCenturion
    18. RocketeerRocketeer ×3
    19. Construction BotCon bot
    20. RocketeerRocketeer ×3
    21. LazarusLazarus ×2
    22. Wind ×2
    23. TickTick ×2
    24. RocketeerRocketeer ×2
    25. TickTick ×2
    26. RocketeerRocketeer
    27. BeamerBeamer
    28. RocketeerRocketeer
  3. 3

    5:00 to 10:00

    Economy
    • Metal Extractor1Mex
    • Wind Turbine15Wind
    Builders
    • Construction Turret2 Con turret
    • Lazarus2 Lazarus
    • Construction Bot1 Con bot
    Army
    • Sentry1 Sentry
    • Rocketeer8 Rocketeer

    Some games also: pawn (49%) · Radar Tower (46%) · tick (45%) · centurion (44%) · energy storage (43%) · eat Bot Lab (31%)

    By 10:00 in all: 6 mex · 21 wind · 1 energy storage · 2 con turret

    The example game in this phase · 135 steps
    1. RocketeerRocketeer ×5
    2. TickTick
    3. RocketeerRocketeer
    4. TickTick
    5. PawnPawn ×4
    6. Con turret
    7. PawnPawn
    8. TickTick
    9. PawnPawn ×7
    10. Con turret
    11. PawnPawn
    12. TickTick
    13. PawnPawn ×3
    14. Mex
    15. Construction BotCon bot ×3
    16. PawnPawn
    17. Wind
    18. Mex
    19. TickTick
    20. PawnPawn
    21. TickTick
    22. Wind
    23. PawnPawn ×2
    24. Converter
    25. Wind
    26. PawnPawn
    27. Converter
    28. PawnPawn
    29. Wind
    30. Converter
    31. PawnPawn
    32. Wind
    33. Converter
    34. PawnPawn
    35. Wind
    36. PawnPawn
    37. Converter
    38. PawnPawn
    39. BeamerBeamer
    40. Wind
    41. Converter
    42. PawnPawn
    43. Converter
    44. Wind
    45. Converter
    46. Wind
    47. Advanced Metal ExtractorT2 mexdone 11:01 · typical 9:46
    48. Converter
    49. Wind ×2
    50. Advanced Metal ExtractorT2 mex ×2
    51. Wind ×5
    52. TickTick
    53. Wind
    54. TickTick
    55. Wind ×2
    56. PawnPawn
    57. Advanced Metal ExtractorT2 mex
    58. PawnPawn
    59. Wind
    60. PawnPawn ×2
    61. Wind
    62. PawnPawn ×2
    63. Wind
    64. PawnPawn ×2
    65. Wind
    66. PawnPawn
    67. Wind
    68. PawnPawn ×3
    69. Wind
    70. PawnPawn ×2
    71. Wind
    72. PawnPawn
    73. Advanced Metal ExtractorT2 mex
    74. PawnPawn
    75. Wind
    76. PawnPawn ×2
    77. Wind
    78. PawnPawn ×2
    79. Wind
    80. PawnPawn ×2
    81. Wind
    82. BeamerBeamer
    83. PawnPawn
    84. Wind
    85. PawnPawn ×2
    86. Wind
    87. TickTick
    88. BeamerBeamer
    89. PawnPawn
    90. BeamerBeamer
    91. Wind
    92. TickTick
    93. PawnPawn
    94. TickTick
    95. Wind
    96. PawnPawn
    97. TickTick
    98. PawnPawn
    99. Wind
    100. TickTick
    101. PawnPawn
    102. Wind
    103. TickTick
    104. PawnPawn
    105. Wind
    106. TickTick
    107. PawnPawn
    108. TickTick
    109. Wind
    110. PawnPawn
    111. TickTick
    112. PawnPawn
    113. Wind
    114. TickTick
    115. PawnPawn
    116. Wind
    117. TickTick
    118. PawnPawn
    119. Wind
    120. TickTick
    121. PawnPawn
    122. Wind
    123. Construction BotCon bot
    124. TickTick
    125. PawnPawn
    126. BeamerBeamer
    127. TickTick
    128. PawnPawn
    129. TickTick
    130. BeamerBeamer
    131. PawnPawn
    132. SentrySentry ×5
    133. TickTick
    134. PawnPawn
    135. TickTick ×3

Counts are medians over the build's games: half of them build more, half fewer. The example game is Taeze's (35 OS, 13/08/2026); pick another.

Team trades

IN AT LEAST 30% OF ITS GAMES

You hand over

Nothing regular.

You get

  • Tidal Generator4 Tidal from Pondfirst at 0:10 · in 68% of games
  • Advanced Construction Bot1 T2 con bot from Geo or Techfirst at 7:41 · in 57% of games

How it plays out

Typical game of this build, running totals by minute

Metal produced

010k20k
0:005:0010:0015:00

metal

Enemy metal destroyed

05k10k
0:005:0010:0015:00

metal

Own metal lost

05k10k
0:005:0010:0015:00

metal

2387 games.

Show as table
ByMetal produced: This buildEnemy metal destroyed: This buildOwn metal lost: This build
1:0023000
2:0088700
3:002009184130
4:003110645501
5:00418413561000
6:00534721831708
7:00653930512597
8:00776039383503
9:00904646934376
10:001041853145163
11:001189458575965
12:001360664066686
13:001541268767439
14:001730675038212
15:001929281098997
WHAT THE NUMBERS SAY

Standard Suicide front play wins a bit over half its games while taking the heaviest own losses of any role by 15:00.

  • + Produces 20142 metal by 15:00, highest of the front roles.
  • + First kill by 2:01 in all games, fastest contest of middle.
  • − Own metal lost hits 9178 by 15:00, more than enemy metal destroyed.
  • − Only 34% Rocketeer share shows army spread thin across many bot types.
THE EXAMPLE YOU ARE READING

Taeze

34.8 OS · 13/08/2026

Open source match ↗

21 received units · includes a constructor
770 metal received · 88998 energy received

Allied construction assistance is unknown. Timings are observations, not a promise of solo reproducibility.

Typical milestones

Bot Lab0:21Middle 50%: 0:20–0:33 · n=2379
Advanced Metal Extractor9:46Middle 50%: 8:50–10:58 · n=1726

Played most by

_X_262games of this buildPlatinumBlonde188games of this buildXad166games of this buildTrapCaT107games of this buildImmort80games of this build